 Dungeon Crawl Stone Soup version 0.30-a0-691-g754fce4c43 (webtiles) character file.

Game seed: 13757857267607209745

30482 Bnni the Fighter (level 13, -29/74 HPs)
             Began as a Vine Stalker Brigand on Jan 19, 2023.
             Was a Follower of Uskayaw.
             Killed from afar by Azrael (34 damage)
             ... with a bolt of fire
             ... on level 12 of the Dungeon.
             The game lasted 00:35:53 (11431 turns).

Bnni the Fighter (Vine Stalker Brigand)            Turns: 11431, Time: 00:35:54

Health: -29/74     AC: 23    Str: 21    XL:     13   Next: 52%
Magic:  0/19       EV:  2    Int: 16    God:    Uskayaw [*.....]
Gold:   144        SH: 12    Dex: 20    Spells: 12/12 levels left

rFire   . . .      SeeInvis .    V - +0 rapier (speed)
rCold   . . .      Faith    .    C - +0 kite shield
rNeg    . . .      Spirit   +    e - +0 crystal plate armour
rPois   .          Reflect  .    N - +0 helmet
rElec   .          Harm     .    R - +0 cloak
rCorr   .          Rampage  .    K - +2 pair of gloves
Will    +....                    (no boots) Stlth
                                 g - amulet of magic regeneration
HPRegen 1.12/turn                x - ring of protection from cold
MPRegen 0.56/turn                r - ring of Xom's Whimsicality {Fly rC- Str+6 Int+5}

@: flying
A: fangs 3, regeneration 1, magic shield, antimagic bite, no potion heal 2
a: Renounce Religion, Stomp


You were on level 12 of the Dungeon.
You worshipped Uskayaw.
Uskayaw was noncommittal.
You visited 2 branches of the dungeon, and saw 13 of its levels.
You also visited: Ossuary and Bailey.

You collected 859 gold pieces.
You spent 715 gold pieces at shops.

Inventory:

Hand Weapons
 a - a +0 dagger of venom
 Q - a +4 short sword of holy wrath
 V - a +0 rapier of speed (weapon)
Missiles
 d - 38 poisoned darts (quivered)
 O - 10 throwing nets
Armour
 e - a +0 crystal plate armour (worn)
 C - a +0 kite shield (worn)
 K - a +2 pair of gloves (worn)
 N - a +0 helmet (worn)
 R - a +0 cloak (worn)
Jewellery
 f - a ring of positive energy
 g - an amulet of magic regeneration (around neck)
 r - the ring of Xom's Whimsicality (right hand) {Fly rC- Str+6 Int+5}
   (You found it on level 3 of the Dungeon)

   [ring of flight]

   Str:       It affects your strength (+6).
   Int:       It affects your intelligence (+5).
   rC:        It makes you vulnerable to cold.
   Fly:       It grants you flight.
 x - a ring of protection from cold (left hand)
 M - a ring of protection from cold
 S - a ring of flight
Wands
 i - a wand of acid (6)
 y - a wand of polymorph (30)
 A - a wand of iceblast (4)
 B - a wand of flame (36)
 L - a wand of digging (3)
 T - a wand of mindburst (3)
Scrolls
 b - 3 scrolls of poison {unknown}
 j - 3 scrolls of blinking {unknown}
 k - 3 scrolls of fear
 n - 4 scrolls of vulnerability
 o - a scroll of amnesia
 q - 3 scrolls of magic mapping {unknown}
 s - 6 scrolls of fog {unknown}
 t - 5 scrolls of immolation {unknown}
 v - a scroll of noise {unknown}
 w - 2 scrolls of enchant armour
 F - a scroll of silence
 G - a scroll of brand weapon {unknown}
 J - 7 scrolls of teleportation
 P - a scroll of butterflies
Potions
 c - 2 potions of haste {unknown}
 h - 6 potions of lignification {unknown}
 l - a potion of cancellation {unknown}
 m - 11 potions of curing {unknown}
 p - 3 potions of attraction {unknown}
 u - 7 potions of heal wounds
 z - 5 potions of brilliance
 E - a potion of mutation
 H - 7 potions of might {unknown}
 I - a potion of magic {unknown}
 U - a potion of resistance {unknown}
Miscellaneous
 D - a condenser vane


   Skills:
 + Level 11.7 Fighting
 + Level 10.1 Short Blades
 - Level 1.7 Throwing
 + Level 5.4 Armour
 - Level 0.7 Dodging
 + Level 10.6 Stealth
 * Level 9.4 Shields
 + Level 7.1 Invocations


You had 12 spell levels left.
You didn't know any spells.
Your spell library contained the following spells:

 Spells                   Type           Power      Damage    Failure   Level
 Anguish                  Hex/Necr       0%         N/A       100%        4
 Passage of Golubria      Tloc           0%         N/A       100%        4
 Silence                  Hex/Air        0%         N/A       100%        5
 Summon Forest            Summ/Tloc      0%         N/A       100%        5
 Summon Mana Viper        Hex/Summ       0%         N/A       100%        5
 Summon Cactus Giant      Summ           0%         N/A       100%        6
 Enfeeble                 Hex            0%         N/A       100%        7
 Lehudib's Crystal Spear  Conj/Erth      0%         10d2      100%        8


Dungeon Overview and Level Annotations

Branches:
Dungeon (12/15)            Temple (1/1) D:6            Lair (0/5) D:10
    Orc (0/2) D:9         Ossuary (visited)          Bailey (visited)

Altars:
Ashenzari
Cheibriados
Dithmenos
Elyvilon
Fedhas
Gozag
Hepliaklqana
Kikubaaqudgha
Makhleb
Nemelex Xobeh
Okawaru
Qazlal
Ru
Sif Muna
Trog
Uskayaw
Vehumet
Wu Jian
Xom
Yredelemnul
Zin
The Shining One

Shops:
D:3 [   D:11 ?**[   D:12 [

Annotations:
D:12 4 transporters, Azrael


Innate Abilities, Weirdness & Mutations

You have razor-sharp teeth.
Your natural rate of healing is unusually fast.
When hurt, damage is shared between your health and your magic reserves.
Your bite disrupts and absorbs the magic of your enemies.
Potions cannot restore your health.


Message History

You can now pass through a line of other dancers.
You hit Azrael but do no damage. You bite Azrael.
Azrael's magic leaks into the air.
You drain his magic.
You feel invigorated.
Azrael is almost dead.
Azrael seems less confused.
You hit Azrael but do no damage.
Azrael is almost dead.
The fire elemental hits you. The fire elemental burns you!
* * * LOW HITPOINT WARNING * * *
You block the fire elemental's attack. Azrael hits you but does no damage.
You hit Azrael but do no damage. You bite Azrael, but do no damage.
Azrael is almost dead.
The fire elemental seems less confused.
The fire elemental hits you. The fire elemental burns you!
* * * LOW HITPOINT WARNING * * *
The fire elemental hits you. The fire elemental burns you!
* * * LOW HITPOINT WARNING * * *
You hit Azrael. Your bite misses Azrael.
Azrael is almost dead.
You block Azrael's attack.
You hit Azrael but do no damage. You bite Azrael.
Azrael's magic leaks into the air.
You drain his magic.
You feel invigorated.
Azrael is almost dead.
The fire elemental hits you. The fire elemental burns you!
* * * LOW HITPOINT WARNING * * *
You block the fire elemental's attack.
Unknown command.
Okay, then.
Okay, then.
Unknown command.
You stomp with the beat, sending a shockwave through the revellers around you!
Azrael is almost dead.
The fire elemental is heavily damaged.
You destroy the fire elemental!
You can no longer pass through a line of other dancers.
The fire elemental hits you. The fire elemental burns you!
* * * LOW HITPOINT WARNING * * *
Azrael gestures at you. The bolt of fire hits you!!!
You die...

.......## ##.## ###.#####
##.##### #.# #.# #)# #.# #.# #.#
##+## #.#### #.## ##...## #....#
#..## ##.....## ####.# #.#.##
##.......## ##.##.#
###...####.........####...#.####
.........'......@..'...........#
###...####......RE.####...#.##.#
#..## ##.....°.## ##.##.##.#
###.#### ##.....## ##.##.##.#
.<.....# ##...## #.....##.#
###.##.# ##'## #..#####.#
###.##.# #.# #..# #.# #...##.#
#.# #..#####.# #.####.### ##.##
#........#


You could see Azrael (magic disrupted) and a fire elemental.

Vanquished Creatures
  Frances (D:12)
  Snorg (D:11)
  Harold (D:11)
  Erica (D:11)
  6 centaur warriors (D:11)
  A dancing weapon (D:6)
  6 two-headed ogres
  Amaemon (D:10)
  A wizard (D:10)
  3 orc knights
  The ghost of Fandomethor the Basher, a novice MiFi of the Shining One (D:6)
  A deep elf pyromancer (D:8)
  2 manticores (D:12)
  A deep elf zephyrmancer (Bailey)
  An ugly thing (D:12)
  Maurice (D:8)
  Joseph (D:8)
  An orange demon (D:10)
  4 gargoyles
  An unseen horror (D:11)
  Maggie (D:10)
  A komodo dragon (D:11)
  Psyche (D:8)
  3 trolls
  A slime creature (D:8)
  A shadow (D:10)
  3 wyverns
  A vampire (D:12)
  5 fire elementals (D:12)
  3 wraiths
  Eustachio (D:4)
  A basilisk (D:12)
  10 yaks
  11 vampire mosquitoes
  A steam dragon (D:10)
  An acid dragon (D:8)
  Edmund (D:4)
  2 hell hounds (D:12)
  3 water moccasins
  3 ice beasts (D:7)
  20 orc warriors
  3 sky beasts
  4 ogres
  A centaur (D:8)
  A phantom (D:7)
  3 kobold brigands
  2 necrophages (D:6)
  4 bullfrogs
  3 scorpions (D:5)
  2 elf skeletons (D:6)
  2 water moccasin zombies (Ossuary)
  4 wights (D:10)
  6 killer bees (D:10)
  2 howler monkeys
  7 hounds
  3 orc priests
  A gnoll bouda (D:7)
  A jelly (D:6)
  15 orc wizards
  2 human skeletons (D:6)
  Terence (D:3)
  2 mummies (Ossuary)
  12 gnolls
  9 adders
  2 ufetubi
  3 adder zombies (Ossuary)
  4 worms
  3 dart slugs (D:2)
  42 orcs
  9 endoplasms
  4 giant cockroaches
  5 gnoll zombies (Ossuary)
  4 hobgoblins
  4 jackals (D:1)
  15 kobolds
  2 quokkas
  9 ball pythons
  4 bats
  4 frilled lizards
  5 goblins
  3 hobgoblin zombies (Ossuary)
  5 kobold zombies (Ossuary)
  2 orc skeletons (D:6)
  3 orc zombies (Ossuary)
  6 rats
338 creatures vanquished.

Vanquished Creatures (others)
  An orc (D:8)
  9 plants (D:5)
10 creatures vanquished.

Grand Total: 348 creatures vanquished

Notes
Turn   | Place    | Note
-------+----------+-------------------------------------------
     0 | D:1      | Bnni the Vine Stalker Brigand began the quest for the Orb.
     0 | D:1      | Reached XP level 1. HP: 11/11 MP: 2/2
   120 | D:1      | Reached skill level 2 in Fighting
   168 | D:1      | Reached XP level 2. HP: 15/15 MP: 3/3
   393 | D:1      | Found a faded altar of an unknown god.
   525 | D:1      | Reached XP level 3. HP: 18/18 MP: 4/4
  1309 | D:2      | Gained mutation: Your natural rate of healing is unusually
                  | fast. [Vine Stalker growth]
  1309 | D:2      | Reached XP level 4. HP: 23/23 MP: 5/5
  1309 | D:2      | Found a radiant altar of Vehumet.
  1408 | D:2      | Noticed an ogre
  1418 | D:2      | Killed an ogre
  1419 | D:2      | Reached skill level 3 in Fighting
  1419 | D:2      | Reached XP level 5. HP: 28/28 MP: 6/6
  1826 | D:3      | Identified the ring of Xom's Whimsicality {Fly rC- Str+6
                  | Int+5}
  1915 | D:3      | Found Fasip's Armour Emporium.
  2032 | D:3      | Noticed Terence
  2038 | D:3      | Killed Terence
  2173 | D:3      | Found an ancient bone altar of Kikubaaqudgha.
  2314 | D:4      | Reached XP level 6. HP: 26/32 MP: 7/7
  2418 | D:4      | Noticed Edmund
  2449 | D:4      | Killed Edmund
  2450 | D:4      | Reached skill level 5 in Short Blades
  2534 | D:4      | Found a blossoming altar of Fedhas.
  2584 | D:4      | Reached skill level 4 in Fighting
  2584 | D:4      | Reached XP level 7. HP: 10/37 MP: 8/8
  2754 | D:4      | Found a snail-covered altar of Cheibriados.
  2780 | D:4      | Noticed Eustachio
  2813 | D:4      | Killed Eustachio
  2857 | D:5      | Entered Level 5 of the Dungeon
  2983 | D:5      | Found a hazy altar of Hepliaklqana.
  3014 | D:5      | Found a glowing silver altar of Zin.
  3057 | D:5      | Gained mutation: You have razor-sharp teeth. [Vine Stalker
                  | growth]
  3057 | D:5      | Reached XP level 8. HP: 32/42 MP: 9/9
  3076 | D:5      | Found an opulent altar of Gozag.
  3122 | D:5      | Reached skill level 5 in Fighting
  3626 | D:6      | Noticed Fandomethor's ghost (novice MiFi)
  3626 | D:6      | Found a runed translucent door.
  3626 | D:6      | Found a shimmering altar of Xom.
  3694 | D:6      | Found a sacrificial altar of Ru.
  3809 | D:6      | Found a staircase to the Ecumenical Temple.
  3826 | Temple   | Entered the Ecumenical Temple
  3839 | Temple   | Became a worshipper of Uskayaw the Reveller
  3857 | D:6      | Identified the +4 quarterstaff "Poloiv" {holy, *Noise Fly
                  | rElec Int+3}
  3867 | D:6      | Noticed a two-headed ogre
  3942 | D:6      | Found a white marble altar of Elyvilon.
  3980 | D:6      | Found a sand-covered staircase.
  3985 | D:6      | Reached * piety under Uskayaw
  3993 | D:6      | Reached ** piety under Uskayaw
  3997 | Ossuary  | Entered an ossuary
  4108 | Ossuary  | Reached *** piety under Uskayaw
  4234 | D:6      | Reached skill level 6 in Fighting
  4247 | D:6      | Reached XP level 9. HP: 48/48 MP: 10/10
  4302 | D:6      | Noticed a +2 long sword of chaos
  4431 | D:6      | Killed a two-headed ogre
  4507 | D:6      | Reached skill level 7 in Fighting
  4652 | D:6      | Killed a +2 long sword of chaos
  4653 | D:6      | Reached skill level 8 in Fighting
  4653 | D:6      | Reached skill level 10 in Short Blades
  4657 | D:6      | Reached **** piety under Uskayaw
  4661 | D:6      | Reached ***** piety under Uskayaw
  4677 | D:6      | Killed Fandomethor's ghost
  4678 | D:6      | Reached XP level 10. HP: 12/57 MP: 3/11
  4804 | D:7      | Reached skill level 9 in Fighting
  5761 | D:3      | Bought a +0 kite shield for 58 gold pieces
  5766 | D:3      | Bought a +2 pair of gloves for 214 gold pieces
  5909 | D:8      | Found a flagged portal.
  5920 | Bailey   | Entered a bailey
  5971 | Bailey   | Reached skill level 5 in Stealth
  6024 | Bailey   | Found a large runed translucent door.
  6024 | Bailey   | Found a large runed translucent door.
  6025 | Bailey   | Noticed a deep elf zephyrmancer
  6030 | Bailey   | Noticed an orc knight
  6092 | Bailey   | Reached skill level 1 in Shields
  6208 | Bailey   | Reached skill level 1 in Invocations
  6406 | Bailey   | Killed an orc knight
  6407 | Bailey   | Reached skill level 10 in Fighting
  6638 | Bailey   | Killed a deep elf zephyrmancer
  6727 | D:8      | Noticed Psyche
  6732 | D:8      | Noticed Joseph
  6740 | D:8      | Killed Psyche
  6745 | D:8      | Killed Joseph
  6746 | D:8      | Reached XP level 11. HP: 58/63 MP: 13/13
  6797 | D:8      | Found a radiant altar of Vehumet.
  6804 | D:8      | Reached skill level 1 in Armour
  6851 | D:8      | Noticed a deep elf pyromancer
  6870 | D:8      | Killed a deep elf pyromancer
  7079 | D:8      | Noticed Maurice
  7101 | D:8      | Killed Maurice
  7180 | D:8      | Found an ornate altar of the Wu Jian Council.
  7409 | D:9      | Found a staircase to the Orcish Mines.
  7630 | D:9      | Found a broken altar of Ashenzari.
  7804 | D:9      | Noticed a two-headed ogre
  7816 | D:9      | Killed a two-headed ogre
  7817 | D:9      | Reached skill level 5 in Shields
  8004 | D:10     | Entered Level 10 of the Dungeon
  8141 | D:10     | Noticed a two-headed ogre
  8151 | D:10     | Killed a two-headed ogre
  8256 | D:10     | Noticed Maggie
  8276 | D:10     | Killed Maggie
  8388 | D:10     | Noticed Amaemon
  8398 | D:10     | Killed Amaemon
  8448 | D:10     | Found a shadowy altar of Dithmenos.
  8506 | D:10     | Noticed a two-headed ogre
  8506 | D:10     | Noticed an orc knight
  8514 | D:10     | Noticed a two-headed ogre
  8542 | D:10     | Killed a two-headed ogre
  8543 | D:10     | Reached XP level 12. HP: 17/69 MP: 11/16
  8694 | D:10     | Killed a two-headed ogre
  8695 | D:10     | Reached skill level 5 in Invocations
  8831 | D:10     | Found a staircase to the Lair.
  9084 | D:10     | Reached skill level 11 in Fighting
  9216 | D:11     | Noticed Erica
  9250 | D:11     | Reached ****** piety under Uskayaw
  9272 | D:11     | Killed Erica
  9348 | D:11     | Noticed a two-headed ogre
  9364 | D:11     | Killed a two-headed ogre
  9368 | D:11     | Found Tutuwn's Antique Armour Emporium.
  9589 | D:11     | Found Teaw's Assorted Antiques.
  9624 | D:11     | Found Inaris's General Store.
  9635 | D:11     | Found Netidwaud's Magic Scroll Shop.
  9636 | D:11     | Noticed Harold
  9655 | D:11     | Killed Harold
  9718 | D:11     | Noticed Snorg
  9740 | D:11     | Killed Snorg
 10076 | D:11     | Noticed a centaur warrior
 10076 | D:11     | Noticed a centaur warrior
 10076 | D:11     | Noticed a centaur warrior
 10102 | D:11     | Killed a centaur warrior
 10103 | D:11     | Killed a centaur warrior
 10104 | D:11     | Killed a centaur warrior
 10105 | D:11     | Reached XP level 13. HP: 33/74 MP: 14/18
 10152 | D:11     | Identified the +9 ring mail of the Nexus {Str-5 Int+3}
 10183 | D:11     | Identified the +2 sling of Action {freeze, Dex+6}
 10216 | D:11     | Reached skill level 10 in Stealth
 10259 | D:11     | Identified the +3 sling "Peomoef" {flame, Will+ Str+3
                  | Int-3}
 10280 | D:11     | Reached skill level 5 in Armour
 10301 | D:11     | Found an iron altar of Okawaru.
 10355 | D:11     | Identified the +2 leather armour of Dukouck {Int+3}
 10565 | D:12     | Found Duon's Antique Armour Boutique.
 10575 | D:12     | Bought a pair of glowing gloves for 277 gold pieces
 10575 | D:12     | Bought a helmet for 166 gold pieces
 10824 | D:12     | Found an ornate altar of the Wu Jian Council.
 10824 | D:12     | Found a transporter.
 10832 | D:12     | Found a transporter.
 10844 | D:12     | Found a transporter.
 10844 | D:12     | Noticed a vault guard
 10845 | D:12     | Noticed a vault guard
 10965 | D:12     | Noticed Frances
 10977 | D:12     | Killed Frances
 11015 | D:12     | Found a transporter.
 11016 | D:12     | Found an ornate altar of the Wu Jian Council.
 11399 | D:12     | Noticed Azrael
 11431 | D:12     | Killed from afar by Azrael

Illustrated notes

Levels and vault maps discovered:
D:1:      lemuel_arrival_funnel, layout_loops_corners,
          hellmonk_ecumenical_altar_run_dry, minmay_pentomino_q4
D:2:      layout_basic, basic_altar
D:3:      layout_rooms, marbit_many_paths, serial_shops, nicolae_square_shop,
          uniq_terence
D:4:      layout_basic, mainiacjoe_overflow_24_doors, cheibriados_altar_1,
          uniq_edmund, uniq_eustachio
D:5:      layout_loops_ring, pdpol_temple_overflow_zin_treasury_gozag_greed,
          nicolae_hepliaklqana_hazy_memory
D:6:      layout_rooms, nicolae_overflow_hidden_temple,
          mainiacjoe_overflow_paths, temple_doors_e, ebering_ghost_xom,
          nicolae_ossuary_entry_catacombs, hangedman_decor_slide_cut
D:7:      layout_basic, hangedman_decor_diamond_cutter, minmay_crystal_water,
          kennysheep_generic_room_2
D:8:      layout_rooms, fiery_altar_vehumet,
          nicolae_wu_jian_immortal_techniques, enter_bailey_2, kb_rosetta,
          uniq_psyche, uniq_maurice, uniq_joseph
D:9:      layout_basic, kennysheep_mini, orc_0_dummy
D:10:     hangedman_cross_stitches, layout_grid_maze, grunt_dithmenos_smoke,
          lair_entry_dummy, uniq_maggie, uniq_amaemon
D:11:     evilmike_iron_armoury, layout_irregular_city, serial_column_ruins,
          column_ruins_hut_ruined, column_ruins_hut, column_ruins_grid_4,
          column_ruins_grid_4, column_ruins_open_small, serial_shops,
          shop_fountains, shop, shop, shop, uniq_erica, uniq_snorg, uniq_harold
D:12:     dreamdust_wu_jian_sword_trials, layout_loops_corners, serial_shops,
          shop, uniq_azrael, uniq_frances
Temple:   nicolae_temple_ecumenical_triangle

Skill      XL: |  1  2  3  4  5  6  7  8  9 10 11 12 13 |
---------------+----------------------------------------+-----
Short Blades   | 2 3 4 5 6 8 10 | 10.1
Fighting       | 2 3 4 6 8 10 11 | 11.7
Stealth        | 6 8 9 10 | 10.6
Shields        | 3 6 8 9 |  9.4
Invocations    | 2 4 6 7 |  7.1
Armour         | 3 4 5 |  5.4
Throwing       | |  1.7
Dodging        | |  0.7

Action                   |  1- 3 |  4- 6 |  7- 9 | 10-12 | 13-15 || total
-------------------------+-------+-------+-------+-------+-------++-------
Melee: Dagger            |   113 |   154 |   426 |   140 |       ||   833
       Bite              |    24 |    54 |   147 |   319 |   104 ||   648
       Punch             |       |     1 |     7 |       |       ||     8
       Short sword       |       |       |       |   621 |    93 ||   714
       Rapier            |       |       |       |       |   169 ||   169
Throw: Dart              |     2 |     5 |    12 |    43 |       ||    62
       Throwing net      |       |       |       |     2 |       ||     2
Invok: Line Pass         |       |       |     3 |     6 |     4 ||    13
       Stomp             |       |       |       |       |     1 ||     1
       Grand Finale      |       |       |       |       |     1 ||     1
Evoke: Wand              |       |     2 |     4 |     1 |       ||     7
  Use: Scroll            |       |       |     4 |     7 |       ||    11
       Potion            |       |       |     1 |     2 |       ||     3
 Stab: Sleeping          |    12 |     4 |       |       |       ||    16
       Distracted        |       |     1 |       |       |       ||     1
       Paralysed         |       |       |     4 |    35 |    14 ||    53
       Invisible         |       |       |       |     1 |       ||     1
       Fleeing           |       |       |       |     1 |       ||     1
       Confused          |       |       |       |     1 |     2 ||     3
Armor: Robe              |    16 |       |       |       |       ||    16
       Ring mail         |    18 |    33 |       |       |       ||    51
       Chain mail        |       |     9 |    83 |       |       ||    92
       Plate armour      |       |       |    81 |    49 |       ||   130
       Crystal plate arm |       |       |       |   264 |   101 ||   365
Dodge: Dodged            |    53 |    62 |    79 |    46 |    12 ||   252
Block: Kite shield       |       |       |       |   277 |   113 ||   390

Table legend: (Time is in decaauts)
 A = Elapsed time spent in this place.
 B = Non-inter-level travel time spent in this place.
 C = Inter-level travel time spent in this place.
 D = Time resting spent in this place.
 E = Time spent auto-exploring this place.
 F = Levels seen in this place.
 G = Mean time per level.
                   A        B        C        D        E       F      G
               +--------+--------+--------+--------+--------+-----+--------+
         Total |  10844 |  10383 |    461 |    406 |   6885 |  15 |  722.9 |
       Dungeon |   9871 |   9422 |    449 |    198 |   6808 |  12 |  822.6 |
        Temple |     26 |     14 |     12 |      0 |      0 |   1 |   26.0 |
       Ossuary |    174 |    174 |      0 |      0 |     77 |   1 |  174.0 |
        Bailey |    772 |    772 |      0 |    207 |      0 |   1 |  772.0 |
               +--------+--------+--------+--------+--------+-----+--------+

Top non-repeatable levels by time:
    D:11: 1156 daAuts
    D:10: 1113 daAuts
     D:1: 1039 daAuts
     D:7: 964 daAuts
    D:12: 907 daAuts
     D:5: 794 daAuts
     D:6: 789 daAuts
  Bailey: 772 daAuts
     D:2: 718 daAuts
     D:8: 697 daAuts
     D:9: 585 daAuts
     D:3: 557 daAuts
     D:4: 549 daAuts
 Ossuary: 174 daAuts
  Temple: 26 daAuts
